 Dungeon Crawl Stone Soup version 0.29.1-12-g30fa7ad0bf (webtiles) character file.

Game seed: 12290761330977030721

2 mandoloar the Magician (level 1, 0/15 HPs)
             Began as a Djinni Conjurer on Jan 1, 2023.
             Slain by a jackal (2 damage)
             ... on level 1 of the Dungeon.
             The game lasted 00:00:39 (140 turns).

mandoloar the Magician (Djinni Conjurer)             Turns: 140, Time: 00:00:39

Health: 0/15       AC:  2    Str:  6    XL:     1   Next: 33%
Gold:   7          EV: 12    Int: 19    God:
                   SH:  0    Dex: 11

rFire   + + .      SeeInvis .   (no weapon)
rCold   x . .      Faith    .   (no shield)
rNeg    . . .      Spirit   .   a - +0 robe
rPois   ∞          Reflect  .   (no helmet)
rElec   .          Harm     .   (no cloak)
rCorr   .          Rampage  .   (no gloves)
Will    .....                   (boots unavailable)
Stlth   ++........              (no amulet)
HPRegen 0.05/turn               (no ring)
MPRegen 0.00/turn               (no ring)

@: flying
A: sickness immunity, fire resistance 2, cold vulnerability 1, float, innate
caster, HP casting, extra vitality 1
a: no special abilities


You were on level 1 of the Dungeon.
You visited 1 branch of the dungeon, and saw 1 of its levels.

You collected 7 gold pieces.

Inventory:

Armour
 a - a +0 robe (worn)
Scrolls
 c - 3 scrolls of identify {unknown}
 d - 3 scrolls of fog {unknown}
Potions
 b - a potion of heal wounds {unknown}


   Skills:
 + Level 0.1 Fighting
 + Level 2.2 Dodging
 + Level 1.6 Stealth
 + Level 3.2 Spellcasting


You couldn't memorise any spells.
You knew the following spells:

 Your Spells              Type           Power      Damage    Failure   Level
a - Magic Dart            Conj           60%        1d6       3%          1
b - Searing Ray           Conj           30%        2d5       6%          2
c - Dazzling Flash        Conj/Hex       30%        N/A       12%         3
d - Fulminant Prism       Conj/Hex       7%         3d7       36%         4
e - Iskenderun's Mystic   Conj/Tloc      15%        2d5       36%         4
Your spell library was empty.

Dungeon Overview and Level Annotations

Branches:
Dungeon (1/15)

Altars:


Innate Abilities, Weirdness & Mutations

You are immune to sickness and miasma.
You are immune to poison.
Your flesh is very heat resistant. (rF++)
You are vulnerable to cold. (rC-)
You float through the air rather than walking.
You learn spells naturally, not from books.
Your magical power is your life essence.
You have superior vitality. (+4 MHP)


Message History

You see here a jackal corpse.
d - 3 scrolls labelled ZISEROICVI YDWI A jackal and a bat come into view.
The magic dart hits the bat.
You kill the bat!
The magic dart hits the jackal.
The jackal is moderately wounded.
The jackal attacks as you move away! The jackal bites you.
The jackal attacks as you move away! The jackal barely misses you.
A bat comes into view.
The jackal bites you.
The magic dart hits the jackal but does no damage.
The jackal is moderately wounded.
The bat hits you. The jackal bites you.
* * * LOW HITPOINT WARNING * * *
The jackal attacks as you move away! The jackal bites you.
* * * LOW HITPOINT WARNING * * *
The bat attacks as you move away! The bat hits you but does no damage. x2
The jackal attacks as you move away!
The jackal bites you but does no damage.
A kobold comes into view. It is wielding a +0 whip.
The kobold shouts!
The jackal bites you but does no damage.
You see here a +0 hand axe.
You are too injured to fight recklessly!
You are too injured to fight recklessly!
You closely miss the jackal.
The jackal is moderately wounded.
The bat closely misses you.
A ball python comes into view.
The jackal closely misses you.
The ball python moves out of view.
You hit the jackal but do no damage.
The jackal is moderately wounded.
The bat barely misses you. The jackal bites you.
* * * LOW HITPOINT WARNING * * *
The jackal barely misses you.
You hit the jackal.
The jackal is heavily wounded.
The bat completely misses you. The jackal bites you.
You die...

#.............#
#.............#
#...[.~~~.....#
#....~...~....#
#....~.<.~....#
#....~...~....#
#....†~b~.....#
#....(........#
#.....h@......#
#.............#
#~...........~#
.......####.....#####
#.#...# #K..###
...##$ #..## .# .
.... ## ......
..###..


You could see a jackal, a bat and a kobold.

Vanquished Creatures
  A jackal (D:1)
  A bat (D:1)
2 creatures vanquished.

Notes
Turn   | Place    | Note
-------+----------+-------------------------------------------
     0 | D:1      | mandoloar the Djinni Conjurer began the quest for the Orb.
     0 | D:1      | mandoloar set off with the following spells memorised:
                  | Magic Dart, Searing Ray, Dazzling Flash, Fulminant Prism,
                  | Iskenderun's Mystic Blast.
     0 | D:1      | Reached XP level 1. HP: 15/15 MP: 0/0
   140 | D:1      | Slain by a jackal

Illustrated notes

Levels and vault maps discovered:
D:1:      enne_arrival_octagon_isle, layout_rooms,
          shapermc_ecumenical_altar_petra

Action                   || total
-------------------------++-------
Melee: Unarmed           ||     3
 Cast: Magic Dart        ||     8
Armor: Robe              ||     4
Dodge: Dodged            ||     8
